 Dungeon Sprint DCSS version 0.26.1-2-gb8aa6d0cf2 (webtiles) character file.

Game seed: 15875623683789848849

2162 mhtbhm the Severer (level 9, 80/90 HPs)
             Began as a Hill Orc Fighter on Mar 6, 2021.
             Was the Champion of Trog.
             Quit the game in the Dungeon (Sprint VII: "The Pits").
             The game lasted 00:01:32 (917 turns).

mhtbhm the Severer (Hill Orc Fighter)                Turns: 917, Time: 00:01:33

Health: 80/90      AC: 17    Str: 22    XL:     9   Next: 32%
Magic:  9/9        EV:  7    Int:  8    God:    Trog [******]
Gold:   0          SH: 12    Dex: 10    Spells: 8/8 levels left

rFire    . . .     SeeInvis .   a - +2 war axe (freeze)
rCold    . . .     Faith    .   c - +0 kite shield
rNeg     . . .     Spirit   .   b - +3 plate armour
rPois    .         Reflect  .   (no helmet)
rElec    .         Harm     .   (no cloak)
rCorr    .         Rampage  .   (no gloves)
Will     .....     NoTele   +   (no boots)
Stlth    ..........             (no amulet)
HPRegen  0.25/turn              (no ring)
MPRegen  0.11/turn              (no ring)

@: berserk cooldown, slowed, very slow
A: no striking features
a: Renounce Religion, Berserk, Trog's Hand, Brothers in Arms


You were in the Dungeon.
You worshipped Trog.
Trog was exalted by your worship.
You visited 1 branch

Inventory:

Hand Weapons
 a - a +2 war axe of freezing (weapon)
Armour
 b - a +3 plate armour (worn)
 c - a +0 kite shield (worn)
Jewellery
 n - a +3 ring of evasion
 o - a +3 ring of dexterity
Scrolls
 j - a scroll of blinking
 l - 3 scrolls of remove curse
 m - a scroll of summoning
Potions
 d - a potion of might
 e - 11 potions of curing
 f - 6 potions of heal wounds
 g - a potion of haste
 h - 4 potions of magic
 i - 5 potions of berserk rage
 k - 2 potions of invisibility
 p - a potion of resistance


   Skills:
 + Level 12.0 Fighting
 + Level 16.0 Axes
 + Level 9.3 Armour
 + Level 2.2 Dodging
 + Level 0.4 Stealth
 + Level 11.0 Shields


You had 8 spell levels left.
You didn't know any spells.
Your spell library was empty.

Dungeon Overview and Level Annotations

Branches:
Dungeon (1/1)

Altars:
Ashenzari
Cheibriados
Dithmenos
Elyvilon
Fedhas
Gozag
Hepliaklqana
Kikubaaqudgha
Makhleb
Nemelex Xobeh
Okawaru
Qazlal
Ru
Sif Muna
Trog
Uskayaw
Vehumet
Wu Jian
Xom
Yredelemnul
Zin
The Shining One
Beogh
Jiyva
Lugonu


Message History

You block the kobold's attack.
You hit the kobold. You freeze the kobold.
You kill the kobold!
Trog accepts your kill.
No target in view!
No target in view!
No target in view!
No target in view!
No target in view!
No target in view!
No target in view!
There is a huge open gate to the Metal Vault (Medium), spattered with blood here.
Items here: ( )) [ ††.
There is a huge open gate to the Metal Vault (Medium) here.
Things that are here:
a +0 dagger; a +0 robe
There is a huge open gate to the Metal Vault (Medium), spattered with blood here.
You see here a runed hand axe {god gift}.
Unknown command.
Are you sure you want to abandon this character and quit the game? (Confirm with "yes".)

___.#
_...###########++######
###'##................#
))'.##......#..#......#
###.##................+
.....'................+
'#####......#..#......#
.#..##................#
.#))#####'#####)@######
##))##.......##))#####
.#))##.......##.)....+
.#[[##.......##.(....+
.#'###...<...##.....##
....##.......##...###
....##.......##..##
######.......##++#
.#..##########


There were no monsters in sight!

Vanquished Creatures
  A death yak (D)
  3 kobold demonologists (D)
  A tarantella (D)
  A fire bat (D)
  Edmund (D)
  A sky beast (D)
  2 big kobolds (D)
  An iguana (D)
  3 orc wizards (D)
  An ufetubus (D)
  2 oozes (D)
  5 orcs (D)
  A ball python (D)
  2 bats (D)
  A bat zombie (D)
  2 giant cockroaches (D)
  A goblin (D)
  2 hobgoblins (D)
  3 jackals (D)
  A quokka (D)
  A giant cockroach zombie (D)
  4 kobolds (D)
40 creatures vanquished.

Notes
Turn   | Place    | Note
-------+----------+-------------------------------------------
     0 | D        | mhtbhm the Hill Orc Fighter began the quest for the Orb.
     0 | D        | Reached XP level 1. HP: 19/19 MP: 1/1
    17 | D        | Found a bloodstained altar of Trog.
    17 | D        | Found a shimmering blue altar of Sif Muna.
    17 | D        | Found a viscous altar of Jiyva.
    17 | D        | Found a hazy altar of Hepliaklqana.
    17 | D        | Found an opulent altar of Gozag.
    18 | D        | Found a glowing golden altar of the Shining One.
    18 | D        | Found a glowing silver altar of Zin.
    18 | D        | Found a basalt altar of Yredelemnul.
    18 | D        | Found a shimmering altar of Xom.
    18 | D        | Found an ornate altar of the Wu Jian Council.
    18 | D        | Found a sacrificial altar of Ru.
    18 | D        | Found a stormy altar of Qazlal.
    18 | D        | Found an iron altar of Okawaru.
    18 | D        | Found a sparkling altar of Nemelex Xobeh.
    18 | D        | Found a burning altar of Makhleb.
    18 | D        | Found a blossoming altar of Fedhas.
    18 | D        | Found a white marble altar of Elyvilon.
    18 | D        | Found a shadowy altar of Dithmenos.
    18 | D        | Found a snail-covered altar of Cheibriados.
    20 | D        | Found a radiant altar of Vehumet.
    20 | D        | Found a corrupted altar of Lugonu.
    20 | D        | Found a roughly hewn altar of Beogh.
    22 | D        | Became a worshipper of Trog the Wrathful
    61 | D        | Reached skill level 3 in Axes
    67 | D        | Reached XP level 2. HP: 25/28 MP: 2/2
    73 | D        | Reached * piety under Trog
    86 | D        | Reached ** piety under Trog
    87 | D        | Noticed a fire bat
    93 | D        | Killed a fire bat
    94 | D        | Reached skill level 7 in Axes
    94 | D        | Reached skill level 5 in Armour
    94 | D        | Reached XP level 3. HP: 40/40 MP: 3/3
    94 | D        | Reached XP level 4. HP: 48/48 MP: 4/4
    94 | D        | Reached XP level 5. HP: 53/53 MP: 5/5
   232 | D        | Noticed Edmund
   235 | D        | Reached *** piety under Trog
   246 | D        | Reached **** piety under Trog
   250 | D        | Killed Edmund
   251 | D        | Reached skill level 9 in Axes
   251 | D        | Reached XP level 6. HP: 62/62 MP: 6/6
   256 | D        | Noticed a sky beast
   259 | D        | Reached skill level 10 in Axes
   263 | D        | Reached ***** piety under Trog
   272 | D        | Killed a sky beast
   273 | D        | Reached skill level 11 in Axes
   273 | D        | Reached skill level 1 in Dodging
   273 | D        | Reached XP level 7. HP: 45/71 MP: 7/7
   407 | D        | Noticed a death yak
   426 | D        | Killed a death yak
   427 | D        | Reached skill level 14 in Axes
   427 | D        | Reached skill level 10 in Shields
   427 | D        | Reached XP level 8. HP: 14/82 MP: 8/8
   735 | D        | Received a gift from Trog
   859 | D        | Found a hide-covered altar of Uskayaw.
   859 | D        | Found an ancient bone altar of Kikubaaqudgha.
   859 | D        | Found a broken altar of Ashenzari.
   882 | D        | Noticed a kobold demonologist
   882 | D        | Noticed a kobold demonologist
   882 | D        | Noticed a tarantella
   887 | D        | Noticed a kobold demonologist
   896 | D        | Noticed a sun demon
   896 | D        | Killed a kobold demonologist
   897 | D        | Killed a tarantella
   897 | D        | Reached ****** piety under Trog
   898 | D        | Reached skill level 15 in Axes
   901 | D        | Killed a kobold demonologist
   902 | D        | Reached XP level 9. HP: 90/90 MP: 9/9
   905 | D        | Killed a kobold demonologist
   905 | D        | Received a gift from Trog
   911 | D        | Reached skill level 16 in Axes
   917 | D        | Quit the game

Illustrated notes

Levels and vault maps discovered:
D:        pitsprint [storerooms_1, entrance_room_1, metal_vault_4, armoury_2,
          mini_pit_1, grid_room_1, main_hall_1, silver_pit, the_coven_2,
          the_vestibule_1, steel_vault_2, golden_pit, hallway_of_sentries,
          crystal_vault_4, iron_vault_3, final_vault]

Skill      XL: |  1  2  3  4  5  6  7  8  9 |
---------------+----------------------------+-----
Fighting       | 4 7 8 9 11 12 | 12.0
Axes           | 3 7 9 11 14 15 16 | 16.0
Armour         | 4 5 6 7 9 |  9.3
Shields        | 4 6 7 8 10 11 | 11.0
Dodging        | 1 2 |  2.2
Stealth        | |  0.4

Action                   |  1- 3 |  4- 6 |  7- 9 || total
-------------------------+-------+-------+-------++-------
Melee: Hand axe          |    21 |    35 |    45 ||   101
       War axe           |     1 |       |    26 ||    27
Invok: Berserk           |     1 |     1 |     3 ||     5
Armor: Scale mail        |    14 |       |       ||    14
       Chain mail        |       |    12 |     4 ||    16
       Plate armour      |       |       |    10 ||    10
Dodge: Dodged            |    13 |     4 |    17 ||    34
Block: Kite shield       |    15 |    21 |    22 ||    58
